 Dungeon Crawl Stone Soup version 0.29.1-15-g9cfb28693d (webtiles) character file.

Game seed: 14445247782044781731

2675 Eitelfritz the Ruffian (level 9, 0/83 HPs)
             Began as a Troll Fighter on Mar 25, 2023.
             Slain by a vampire
             ... wielding a +1 vampiric halberd
              (16 damage)
             ... in a bailey.
             The game lasted 00:15:53 (5804 turns).

Eitelfritz the Ruffian (Troll Fighter)              Turns: 5804, Time: 00:15:54

Health: 0/83       AC:  9    Str: 26    XL:     9   Next: 37%
Magic:  8/8        EV:  8    Int:  6    God:
Gold:   75         SH: 13    Dex: 11    Spells: 8/8 levels left

rFire   + . .      SeeInvis .     - Unarmed
rCold   . . .      Faith    .   E - +0 tower shield
rNeg    . . .      Spirit   .   m - +2 robe {rF+}
rPois   .          Reflect  .   (helmet restricted)
rElec   .          Harm     .   z - +2 cloak
rCorr   .          Rampage  .   (gloves unavailable)
Will    .....                   (boots unavailable)
Stlth   ++........              (no amulet)
HPRegen 1.03/turn               (no ring)
MPRegen 0.11/turn               (no ring)

@: hasted, very quick
A: large, unfitting armour, claws 3, regeneration 1, shaggy fur 1, tough skin 1
a: no special abilities


You were in a bailey.
You visited 1 branch of the dungeon, and saw 7 of its levels.
You also visited: Bailey.

You collected 390 gold pieces.
You spent 315 gold pieces at shops.

Inventory:

Hand Weapons
 a - a +0 sling
 b - a +1 morningstar of freezing
 B - the +4 quarterstaff "Luapry" {vorpal, *Noise Will+ Str+3 Int+9}
   (You found it on level 7 of the Dungeon)

   It inflicts extra damage upon your enemies.
   Str:       It affects your strength (+3).
   Int:       It affects your intelligence (+9).
   *Noise:    It may make noises in combat.
   Will:      It increases your willpower.
 C - a +5 giant spiked club
Missiles
 j - 5 poisoned darts (quivered)
 l - 5 atropa-tipped darts
Armour
 m - a +2 robe of fire resistance (worn)
 n - a +0 kite shield
 z - a +2 cloak (worn)
 E - a +0 tower shield (worn)
Jewellery
 p - a ring of magical power
 s - the ring "Udagh" {Will- Str+2 Int+6 Dex+5}
   (You bought it in a shop on level 4 of the Dungeon)

   [ring of intelligence]

   Str:       It affects your strength (+2).
   Int:       It affects your intelligence (+6).
   Dex:       It affects your dexterity (+5).
   Will:      It decreases your willpower.
Wands
 c - a wand of light (2)
 o - a wand of flame (13)
 u - a wand of polymorph (11)
Scrolls
 d - 5 scrolls of teleportation
 w - a scroll of amnesia
 y - a scroll of magic mapping {unknown}
 A - a scroll of vulnerability {unknown}
Potions
 f - a potion of brilliance
 g - a potion of magic
 h - 2 potions of cancellation
 i - a potion of haste
 k - a potion of berserk rage {unknown}
 q - a potion of lignification
 x - a potion of attraction {unknown}
 D - a potion of ambrosia {unknown}
 F - a potion of heal wounds {unknown}


   Skills:
 + Level 3.4 Fighting
 * Level 4.1 Maces & Flails
 + Level 5.5 Dodging
 + Level 1.3 Stealth
 + Level 5.7 Shields
 + Level 7.9 Unarmed Combat


You had 8 spell levels left.
You didn't know any spells.
Your spell library contained the following spells:

 Spells                   Type           Power      Damage    Failure   Level
 Gell's Gravitas          Tloc           0%         N/A       100%        3
 Lesser Beckoning         Tloc           0%         N/A       100%        3
 Teleport Other           Tloc           0%         N/A       100%        3


Dungeon Overview and Level Annotations

Branches:
Dungeon (7/15)             Bailey (1/1)
 Temple: D:4-7

Altars:
Ashenzari
Gozag
Hepliaklqana
Sif Muna
Trog
Yredelemnul
The Shining One

Shops:
D:1 [   D:4 *   D:6 :   D:7 (


Innate Abilities, Weirdness & Mutations

You are too large for most types of armour.
You have claws for hands.
Your natural rate of healing is unusually fast.
You are covered in fur. (AC +1)
You have tough skin. (AC +1)


Message History

The vampire is lightly damaged.
The vampire barely misses you. x2
You scratch the vampire.
The vampire is moderately damaged.
The vampire barely misses you. You block the vampire's attack.
You scratch the vampire.
The vampire is moderately damaged.
You barely miss the vampire.
The vampire is moderately damaged.
The vampire barely misses you. You block the vampire's attack.
You claw the vampire!
The vampire is severely damaged.
The vampire hits you with a +1 vampiric halberd!
* * * LOW HITPOINT WARNING * * *
The vampire draws strength from your wounds!
You block the vampire's attack.
You barely miss the vampire.
The vampire is heavily damaged.
You block the vampire's attack. x2
You scratch the vampire.
The vampire is heavily damaged.
You barely miss the vampire.
The vampire is heavily damaged.
You block the vampire's attack.
The vampire bites you but does no damage.
You barely miss the vampire.
The vampire is heavily damaged.
The vampire gestures at you while chanting.
You resist with some effort.
You claw the vampire!
The vampire is severely damaged.
You barely miss the vampire.
The vampire is severely damaged.
The vampire draws life force from you.
* * * LOW HITPOINT WARNING * * *
The vampire is healed by the life force!
You barely miss the vampire.
The vampire is severely damaged.
The vampire hits you with a +1 vampiric halberd!
You die...

## ##8! ##!! ## #...
.8# #..# ..#
#############.V## #..#
#[.#8......8#.@.##...#
#..#8.......##......#
#..#######...##....##
#..#8....##...##''###
####)#......#)........#
#...)#.....).).......8#
#....#...#...)#########
#....'...##..##......#
#....'....####.......#


You could see a vampire.

Vanquished Creatures
  A gargoyle (Bailey)
  Sigmund (D:2)
  A steam dragon (D:7)
  A water moccasin (D:5)
  3 ice beasts
  2 ogres
  A kobold brigand (D:7)
  2 necrophages
  A bullfrog (D:7)
  A scorpion (D:4)
  7 wolf zombies (Bailey)
  9 vampire bats (Bailey)
  A jelly (D:7)
  An orc priest (D:3)
  A hound (D:5)
  5 iguanas
  Ijyb (D:3)
  An orc wizard (D:4)
  7 gnolls
  5 adders
  2 white imps (D:5)
  An ufetubus (D:5)
  4 worms
  2 dart slugs (D:2)
  12 orcs
  7 bats
  10 endoplasms
  2 giant cockroaches (D:3)
  6 goblins
  8 hobgoblins
  3 jackals (D:2)
  12 kobolds
  2 quokkas
  5 ball pythons
  2 frilled lizards (D:1)
  18 orc zombies (Bailey)
  4 rats
152 creatures vanquished.

Vanquished Creatures (others)
  A plant (D:4)
1 creature vanquished.

Grand Total: 153 creatures vanquished

Notes
Turn   | Place    | Note
-------+----------+-------------------------------------------
     0 | D:1      | Eitelfritz the Troll Fighter began the quest for the Orb.
     0 | D:1      | Reached XP level 1. HP: 22/22 MP: 0/0
   178 | D:1      | Reached XP level 2. HP: 29/29 MP: 1/1
   360 | D:1      | Found Cool's Antique Armour Shop.
   813 | D:2      | Reached XP level 3. HP: 36/36 MP: 2/2
   830 | D:2      | Reached XP level 4. HP: 36/44 MP: 3/3
  1093 | D:2      | Reached skill level 3 in Unarmed Combat
  1199 | D:2      | Noticed Sigmund
  1208 | D:2      | Killed Sigmund
  1209 | D:2      | Reached skill level 4 in Unarmed Combat
  1209 | D:2      | Reached XP level 5. HP: 42/52 MP: 4/4
  1209 | D:2      | Reached XP level 6. HP: 48/59 MP: 5/5
  1571 | D:3      | Noticed Ijyb
  1582 | D:3      | Killed Ijyb
  2133 | D:3      | Found a glowing golden altar of the Shining One.
  2139 | D:3      | Found a basalt altar of Yredelemnul.
  2141 | D:3      | Noticed a profane servitor
  2164 | D:3      | Found a bloodstained altar of Trog.
  2271 | D:3      | Noticed an angel
  2639 | D:4      | Found a broken altar of Ashenzari.
  2649 | D:4      | Reached skill level 1 in Maces & Flails
  2755 | D:4      | Reached skill level 5 in Unarmed Combat
  2755 | D:4      | Reached XP level 7. HP: 67/67 MP: 6/6
  2867 | D:4      | Found Seudyog's Assorted Antiques.
  2916 | D:4      | Bought a scroll labelled ICKOCHANIO for 22 gold pieces
  2916 | D:4      | Bought a scroll labelled RIMIEZIEQO for 22 gold pieces
  2916 | D:4      | Bought a wavering gossamer ring for 110 gold pieces
  2916 | D:4      | Identified the ring "Udagh" {Will- Str+2 Int+6 Dex+5} (You
                  | bought it in a shop on level 4 of the Dungeon)
  2994 | D:5      | Entered Level 5 of the Dungeon
  3036 | D:5      | Found a shimmering blue altar of Sif Muna.
  3278 | D:5      | Reached skill level 6 in Unarmed Combat
  3336 | D:5      | Found a hazy altar of Hepliaklqana.
  3508 | D:5      | Reached XP level 8. HP: 66/75 MP: 7/7
  3857 | D:6      | Reached skill level 1 in Stealth
  4206 | D:6      | Identified the +0 robe of Usirr {Dex+4}
  4271 | D:6      | Found an opulent altar of Gozag.
  4640 | D:6      | Found Abuupu's Book Shop.
  4905 | D:7      | Found Wososoer's Antique Weapon Shoppe.
  4945 | D:7      | Reached skill level 7 in Unarmed Combat
  4998 | D:7      | Identified the +4 quarterstaff "Luapry" {vorpal, *Noise
                  | Will+ Str+3 Int+9}
  5014 | D:7      | Bought a runed giant spiked club for 161 gold pieces
  5108 | D:7      | Found a flagged portal.
  5167 | Bailey   | Entered a bailey
  5295 | Bailey   | Noticed a gargoyle
  5328 | Bailey   | HP: 4/112 [gargoyle/+0 flail of holy wrath (8)]
  5329 | Bailey   | Killed a gargoyle
  5330 | Bailey   | Reached skill level 5 in Dodging
  5330 | Bailey   | Reached skill level 5 in Shields
  5330 | Bailey   | Reached XP level 9. HP: 6/83 MP: 8/8
  5804 | Bailey   | Slain by a vampire

Illustrated notes

Levels and vault maps discovered:
D:1:      dpeg_arrival_fog, layout_basic, serial_shops,
          nicolae_shop_hallway_plus
D:2:      layout_loops_ring, uniq_sigmund
D:3:      layout_loops_cross, grunt_temple_overflow_holy_war, trog_book,
          uniq_ijyb
D:4:      layout_basic, amcnicky_altar_gilded, serial_shops,
          nicolae_shop_overgrown_old_shop
D:5:      layout_cave_pods, lemuel_crystal_altar, mainiacjoe_overflow_chevrons,
          minivault_23
D:6:      layout_layer_cave, mainiacjoe_overflow_alcove_2, serial_shops,
          nicolae_shop_trees
D:7:      layout_basic, minmay_temple_entry_poolview, enter_bailey_5,
          serial_shops, nicolae_inconvenience_store
Bailey:   bailey_polearm_vampire_castle_hellmonk, bailey

Skill      XL: |  1  2  3  4  5  6  7  8  9 |
---------------+----------------------------+-----
Shields        | 3 4 5 |  5.7
Dodging        | 3 4 5 |  5.5
Unarmed Combat | 4 5 6 7 |  7.9
Fighting       | 3 |  3.4
Maces & Flails | 1 2 3 4 |  4.1
Stealth        | 1 |  1.3

Action                   |  1- 3 |  4- 6 |  7- 9 || total
-------------------------+-------+-------+-------++-------
Melee: Unarmed           |    86 |   168 |   330 ||   584
  Use: Potion            |       |     1 |     4 ||     5
       Scroll            |       |     3 |    13 ||    16
 Stab: Sleeping          |       |     1 |     2 ||     3
Armor: Robe              |    26 |    51 |   206 ||   283
       Skin              |       |       |     4 ||     4
Dodge: Dodged            |    36 |    81 |   168 ||   285
Block: Kite shield       |    26 |    53 |    81 ||   160
       Tower shield      |       |       |   187 ||   187
